 Dungeon Crawl Stone Soup version 0.30-a0-728-gc68057be0a (webtiles) character file.

Game seed: 8142561694172440587

3500 KleinerIrrer the Skirmisher (level 10, -24/77 HPs)
             Began as a Formicid Hunter on Jan 31, 2023.
             Was a Priest of Okawaru.
             Killed by the air
             ... invoked by Gastronok
              (46 damage)
             ... on level 9 of the Dungeon.
             The game lasted 00:17:36 (7866 turns).

KleinerIrrer the Skirmisher (Formicid Hunter)       Turns: 7866, Time: 00:17:38

Health: -24/77     AC: 17    Str: 17    XL:     10   Next: 28%
Magic:  8/10       EV: 21    Int: 10    God:    Okawaru [***...]
Gold:   502        SH: 12    Dex: 19    Spells: 9/9 levels left

rFire   . . .      SeeInvis +    a - +1 shortbow
rCold   . . .      Faith    .    J - +0 kite shield
rNeg    . . .      Spirit   .    K - +1 ring mail {rPois}
rPois   +          Reflect  .    (helmet unavailable)
rElec   .          Harm     .    u - +1 cloak
rCorr   .          Rampage  .    d - +1 pair of gloves {Stlth+}
Will    +....                    (no boots)
Stlth   ++++                     (no amulet)
HPRegen 0.32/turn                k - +5 ring of evasion
MPRegen 0.12/turn                j - +4 ring of protection

@: heroic, invisible
A: permanent stasis, dig shafts and tunnels, antennae 3, four strong arms
a: Dig, Shaft Self, Renounce Religion, Heroism


You were on level 9 of the Dungeon.
You worshipped Okawaru.
Okawaru was most pleased with you.
You visited 2 branches of the dungeon, and saw 11 of its levels.

You collected 678 gold pieces.
You spent 176 gold pieces at shops.

Inventory:

Hand Weapons
 a - a +1 shortbow (weapon)
Missiles
 E - 2 throwing nets
Armour
 d - a +1 pair of gloves of stealth (worn)
 o - a +2 scale mail of fire resistance
 u - a +1 cloak (worn)
 J - a +0 kite shield (worn)
 K - a +1 ring mail of poison resistance (worn)
Jewellery
 j - a +4 ring of protection (right hand)
 k - a +5 ring of evasion (left hand)
 B - a +6 ring of intelligence
 D - a ring of willpower
Wands
 c - a wand of iceblast (5)
 y - a wand of mindburst (22)
 H - a wand of light (2)
Scrolls
 b - a scroll of immolation
 e - 5 scrolls of enchant armour
 f - 6 scrolls of teleportation
 h - a scroll of amnesia
 i - 4 scrolls of vulnerability
 l - 3 scrolls of fog
 n - 3 scrolls of enchant weapon
 q - 2 scrolls of blinking
 s - a scroll of noise
 C - a scroll of magic mapping
 F - 2 scrolls of poison
 G - 2 scrolls of identify
Potions
 g - 4 potions of curing
 m - a potion of ambrosia
 p - 2 potions of attraction
 r - a potion of berserk rage
 t - a potion of degeneration
 v - 2 potions of invisibility
 z - a potion of brilliance
 A - a potion of lignification
 I - a potion of haste {unknown}


   Skills:
 + Level 6.8(11.8) Fighting
 * Level 9.4(14.4) Ranged Weapons
 + Level 6.5(11.5) Armour
 + Level 5.6(10.6) Dodging
 - Level 1.2(6.2) Stealth
 * Level 5.4(10.4) Shields


You had 9 spell levels left.
You didn't know any spells.
Your spell library contained the following spells:

 Spells                   Type           Power      Damage    Failure   Level
 Slow                     Hex            0%         N/A       73%         1
 Scorch                   Fire           0%         2d5       86%         2
 Confusing Touch          Hex            0%         N/A       97%         3
 Vampiric Draining        Necr           0%         2d6       97%         3
 Flame Wave               Conj/Fire      0%         2d4       100%        4
 Summon Cactus Giant      Summ           Unusable   N/A       N/A         6

Dungeon Overview and Level Annotations

Branches:
Dungeon (10/15)            Temple (1/1) D:5
   Lair: D:8-11         Orc: D:9-12

Altars:
Ashenzari
Cheibriados
Dithmenos
Elyvilon
Fedhas
Gozag
Hepliaklqana
Kikubaaqudgha
Makhleb
Nemelex Xobeh
Okawaru
Qazlal
Ru
Sif Muna
Trog
Uskayaw
Vehumet
Wu Jian
Xom
Yredelemnul
Zin
The Shining One

Shops:
D:4 !

Annotations:
D:3 1 runed translucent door, Crazy Yiuf
D:6 3 runed translucent doors, M4edhros's ghost, novice OpMo
D:9 Gastronok


Innate Abilities, Weirdness & Mutations

You cannot be hasted, slowed, berserked, paralysed or teleported.
You can dig through walls and to a lower floor.
You have a pair of large antennae on your head. (SInv)
Your four strong arms can wield two-handed weapons with a shield.


Message History

Gastronok puts on a burst of speed!
You gain the combat prowess of a mighty hero.
Fire: a) +1 shortbow
Press: ? - help, Shift-Dir - straight line, f/p - Gastronok
Aim: Gastronok, wearing a +0 hat (severely wounded, covering ground quickly, 95% to hit)
You shoot an arrow.
The arrow hits Gastronok but does no damage.
Gastronok is severely wounded.
Gastronok bites you!
* * * LOW HITPOINT WARNING * * *
Fire: a) +1 shortbow
Press: ? - help, Shift-Dir - straight line, f/p - Gastronok
Aim: Gastronok, wearing a +0 hat (severely wounded, covering ground quickly, 95% to hit)
You shoot an arrow. The arrow hits Gastronok!
Gastronok is severely wounded.
Fire: a) +1 shortbow
Press: ? - help, Shift-Dir - straight line, f/p - Gastronok
Aim: Gastronok, wearing a +0 hat (severely wounded, covering ground quickly, 95% to hit)
You shoot an arrow. The arrow hits Gastronok!
Gastronok is almost dead.
You feel a sudden urge to swivel your nonexistent eyestalks around.
Fire: a) +1 shortbow
Press: ? - help, Shift-Dir - straight line, f/p - Gastronok
Aim: Gastronok, wearing a +0 hat (almost dead, covering ground quickly, 95% to hit)
You shoot an arrow. The arrow hits Gastronok!
Gastronok is almost dead.
Fire: a) +1 shortbow
Press: ? - help, Shift-Dir - straight line, f/p - Gastronok
Aim: Gastronok, wearing a +0 hat (almost dead, covering ground quickly, 95% to hit)
You shoot an arrow. The arrow hits Gastronok.
Gastronok is almost dead.
Fire: a) +1 shortbow
Press: ? - help, Shift-Dir - straight line, f/p - Gastronok
Aim: Gastronok, wearing a +0 hat (almost dead, covering ground quickly, 95% to hit)
You shoot an arrow. The arrow hits Gastronok.
Gastronok is almost dead.
Gastronok waves his eye-stalks in wide circles.
The air twists around and strikes you!!!
Ouch! That really hurt!
You die... # # ...
Oo#

{ { ... #..# .... #...#
..... # #+#
+#####+###..... .
............... ..
............... ..
......w@?...... ..
............... ......
............... ..<....
...............
........................
........................
......[.................
........................
.............


You could see Gastronok (swift).

Vanquished Creatures
  Amaemon (D:9)
  An orange demon (D:9)
  Sigmund (D:5)
  3 water moccasins
  2 sky beasts
  3 ice beasts
  An ogre (D:5)
  The ghost of Ralffi009 the Chiller, an amateur DrIE of Nemelex Xobeh (D:5)
  2 centaurs
  A phantom (D:7)
  A kobold brigand (D:7)
  A bullfrog (D:8)
  3 gnoll sergeants
  3 scorpions
  An electric eel (D:8)
  A hound (D:6)
  An orc priest (D:8)
  3 jellies
  A centaur skeleton (D:5)
  A gnoll bouda (D:7)
  Jessica (D:3)
  Natasha (D:3)
  3 iguanas
  Ijyb (D:4)
  3 orc wizards
  A killer bee zombie (D:5)
  Robin (D:3)
  20 gnolls
  7 adders
  A shadow imp (D:5)
  A white imp (D:6)
  A worm (D:2)
  A dart slug (D:3)
  20 orcs
  4 bats
  6 endoplasms
  2 giant cockroaches
  12 goblins
  8 hobgoblins
  2 jackals (D:4)
  8 kobolds
  A quokka (D:2)
  4 ball pythons
  5 frilled lizards
  2 rats (D:1)
  A toadstool (D:7)
149 creatures vanquished.

Vanquished Creatures (others)
  3 plants (D:2)
  2 toadstools (D:7)
5 creatures vanquished.

Grand Total: 154 creatures vanquished

Notes
Turn   | Place    | Note
-------+----------+-------------------------------------------
     0 | D:1      | KleinerIrrer the Formicid Hunter began the quest for the
                  | Orb.
     0 | D:1      | Reached XP level 1. HP: 16/16 MP: 1/1
    84 | D:1      | Reached XP level 2. HP: 23/23 MP: 2/2
   409 | D:1      | You fall into a shaft and drop 1 floor!
   611 | D:2      | Reached XP level 3. HP: 28/28 MP: 3/3
  1203 | D:3      | Noticed Jessica
  1207 | D:3      | Killed Jessica
  1208 | D:3      | Reached XP level 4. HP: 29/34 MP: 4/4
  1322 | D:3      | Found a runed translucent door.
  1323 | D:3      | Noticed Crazy Yiuf
  1373 | D:3      | Found an ornate altar of the Wu Jian Council.
  1599 | D:3      | Noticed Robin
  1613 | D:3      | Killed Robin
  1614 | D:3      | Reached skill level 5 in Ranged Weapons
  1614 | D:3      | Reached skill level 1 in Armour
  1614 | D:3      | Reached XP level 5. HP: 41/41 MP: 5/5
  1640 | D:3      | Noticed Natasha
  1653 | D:3      | Killed Natasha
  2069 | D:4      | Noticed a centaur
  2081 | D:4      | Killed a centaur
  2082 | D:4      | Reached XP level 6. HP: 36/47 MP: 6/6
  2270 | D:4      | Noticed Ijyb
  2278 | D:4      | Killed Ijyb
  2326 | D:4      | Found a burning altar of Makhleb.
  2346 | D:4      | Found Boamemonu's Distillery.
  2353 | D:4      | Bought a potion of lignification for 33 gold pieces
  2353 | D:4      | Bought a potion of heal wounds for 55 gold pieces
  2353 | D:4      | Bought a potion of invisibility for 88 gold pieces
  3020 | D:5      | Entered Level 5 of the Dungeon
  3026 | D:5      | Reached XP level 7. HP: 53/53 MP: 7/7
  3061 | D:5      | Found a transporter.
  3061 | D:5      | Noticed Ralffi009's ghost (amateur DrIE)
  3063 | D:5      | Found a transporter.
  3092 | D:5      | Noticed Sigmund
  3108 | D:5      | Killed Sigmund
  3109 | D:5      | Reached skill level 6 in Ranged Weapons
  3253 | D:5      | Reached XP level 8. HP: 61/61 MP: 8/8
  3346 | D:5      | Found a staircase to the Ecumenical Temple.
  3363 | Temple   | Entered the Ecumenical Temple
  3448 | Temple   | Became a worshipper of Warmaster Okawaru
  4206 | D:5      | Killed Ralffi009's ghost
  4211 | D:5      | Reached skill level 7 in Ranged Weapons
  4457 | D:5      | Reached skill level 5 in Fighting
  4488 | D:6      | Reached * piety under Okawaru
  4590 | D:6      | Found a runed translucent gate.
  4590 | D:6      | Found a runed translucent gate.
  4591 | D:6      | Found a runed translucent gate.
  4593 | D:6      | Noticed M4edhros's ghost (novice OpMo)
  4837 | D:6      | Reached skill level 5 in Armour
  5206 | D:7      | Reached XP level 9. HP: 68/68 MP: 9/9
  5468 | D:7      | Reached skill level 8 in Ranged Weapons
  6002 | D:6      | Reached skill level 1 in Shields
  6032 | D:6      | Reached skill level 5 in Dodging
  6043 | D:6      | Reached ** piety under Okawaru
  7342 | D:9      | Noticed Amaemon
  7342 | D:9      | Noticed an orange demon
  7373 | D:9      | Killed Amaemon
  7374 | D:9      | Reached skill level 9 in Ranged Weapons
  7374 | D:9      | Reached XP level 10. HP: 31/77 MP: 10/10
  7385 | D:9      | Killed an orange demon
  7385 | D:9      | Reached *** piety under Okawaru
  7386 | D:9      | Reached skill level 5 in Shields
  7694 | D:9      | Noticed a two-headed ogre
  7705 | D:9      | You fall into a shaft and drop 1 floor!
  7705 | D:10     | Entered Level 10 of the Dungeon
  7838 | D:9      | Noticed Gastronok
  7866 | D:9      | Killed from afar by Gastronok

Illustrated notes

Levels and vault maps discovered:
D:1:      amcnicky_arrival_flooded_fountain, layout_basic
D:2:      layout_loops_ring, serial_forest, infiniplex_forest_straight_1,
          infiniplex_forest_straight_2, infiniplex_forest_clump_diagonal,
          infiniplex_forest_clump_tiny, infiniplex_forest_clump_medium,
          infiniplex_forest_straight_4
D:3:      layout_rooms, general_overflow_altar, uniq_natasha,
          uniq_crazy_yiuf_cottage, uniq_robin, uniq_jessica
D:4:      minmay_wonky_spiral, layout_gridville, old_standard_altar,
          serial_shops, shop, kennysheep_generic_room_4, uniq_ijyb
D:5:      layout_basic, minmay_temple_entry_junction_2,
          gammafunk_ghost_mausoleum, serial_bayou_pond_c,
          minmay_strange_pillars, uniq_sigmund
D:6:      layout_basic, gammafunk_ghost_necromancy, grunt_decor_fettered
D:7:      layout_basic, nicolae_eternal_life, minmay_misc_feat_enclosed,
          st_stairs_4, dreamdust_wishing_well, minivault_23,
          minmay_gold_behind_fungi
D:8:      layout_gridville, fungi_pond_lemuel, reono_crystal_passage
D:9:      minmay_the_grid_square_5x5_4x4 [minmay_the_grid_square_5x5_bridge,
          minmay_the_grid_square_5x5_n_small,
          minmay_the_grid_square_5x5_doubleslash,
          minmay_the_grid_square_5x5_minimal, minmay_the_grid_square_5x5_meh,
          minmay_the_grid_square_5x5_prize_monsterx,
          minmay_the_grid_square_5x5_prize_open,
          minmay_the_grid_square_5x5_three_walls,
          minmay_the_grid_square_5x5_inverted_slash,
          minmay_the_grid_square_5x5_prize_rear_guard,
          minmay_the_grid_square_5x5_prize_pseudospiral,
          minmay_the_grid_square_5x5_detours,
          minmay_the_grid_square_5x5_three_small,
          minmay_the_grid_square_5x5_broken_cross,
          minmay_the_grid_square_5x5_almost_minimal,
          minmay_the_grid_square_5x5_plus], layout_layer_cave, lair_entry_dummy,
          orc_0_dummy, feat_on_display, uniq_amaemon, uniq_gastronok,
          uniq_harold
D:10:     layout_basic, grunt_ministairs_13
Temple:   nicolae_temple_bog_church

Skill      XL: |  1  2  3  4  5  6  7  8  9 10 |
---------------+-------------------------------+-----
Dodging        | 2 3 4 5 |  5.6
Fighting       | 3 4 5 6 |  6.8
Ranged Weapons | 5 6 7 9 |  9.4
Armour         | 1 2 3 4 5 6 |  6.5
Shields        | 4 5 |  5.4
Stealth        | |  1.2

Action                     |  1- 3 |  4- 6 |  7- 9 | 10-12 || total
---------------------------+-------+-------+-------+-------++-------
  Melee: Shortbow          |       |       |     2 |       ||     2
   Fire: Shortbow          |    69 |   167 |   439 |    54 ||   729
 Invoke: Heroism           |       |       |       |     1 ||     1
Ability: Dig               |       |       |     7 |       ||     7
         Shaft Self        |       |       |       |     1 ||     1
    Use: Scroll            |       |     6 |    10 |       ||    16
         Potion            |       |       |     8 |     2 ||    10
 Armour: Leather armour    |     6 |    16 |       |       ||    22
         Scale mail        |       |    37 |   110 |       ||   147
         Ring mail         |       |       |    28 |     6 ||    34
  Dodge: Dodged            |    16 |    99 |   298 |    21 ||   434
  Block: Kite shield       |       |       |    69 |    20 ||    89

Table legend: (Time is in decaauts)
 A = Elapsed time spent in this place.
 B = Non-inter-level travel time spent in this place.
 C = Inter-level travel time spent in this place.
 D = Time resting spent in this place.
 E = Time spent auto-exploring this place.
 F = Levels seen in this place.
 G = Mean time per level.
                   A        B        C        D        E       F      G
               +--------+--------+--------+--------+--------+-----+--------+
         Total |   8119 |   7578 |    541 |    579 |   5501 |  11 |  738.1 |
       Dungeon |   8020 |   7576 |    444 |    579 |   5501 |  10 |  802.0 |
        Temple |     99 |      2 |     97 |      0 |      0 |   1 |   99.0 |
               +--------+--------+--------+--------+--------+-----+--------+

Top non-repeatable levels by time:
     D:7: 1323 daAuts
     D:5: 1246 daAuts
     D:4: 1145 daAuts
     D:6: 1009 daAuts
     D:8: 780 daAuts
     D:3: 732 daAuts
     D:2: 711 daAuts
     D:1: 512 daAuts
     D:9: 427 daAuts
    D:10: 132 daAuts
  Temple: 99 daAuts
